 Dungeon Crawl Stone Soup version 0.29.1-2-gbd0b4ee654 (webtiles) character file.

Game seed: 8891641873373916771

19 Icepheonix32 the Insei (level 2, -6/34 HPs)
             Began as a Demigod Transmuter on Nov 4, 2022.
             Mangled by Sigmund
             ... wielding a +2 scythe of protection
              (7 damage)
             ... on level 2 of the Dungeon.
             The game lasted 00:01:25 (1040 turns).

Icepheonix32 the Insei (Demigod Transmuter)         Turns: 1040, Time: 00:01:25

Health: -6/34      AC: 21    Str:  9 (11) XL:     2   Next: 39%
Magic:  7/7        EV:  2    Int: 12 (15) God:
Gold:   4          SH:  0    Dex: 13 (14) Spells: 4/5 levels left

rFire   . . .      SeeInvis .     - Unarmed
rCold   . . .      Faith    .   (no shield)
rNeg    . . .      Spirit   .   (body armour currently unavailable)
rPois   +          Reflect  .   (helmet currently unavailable)
rElec   .          Harm     .   (cloak currently unavailable)
rCorr   .          Rampage  .   (gloves currently unavailable)
Will    .....      NoTele   +   (boots currently unavailable)
Stlth   +.........              (no amulet)
HPRegen 0.11/turn               (no ring)
MPRegen 0.10/turn               (no ring)

@: confused, tree-form
A: stationary, stasis, torment immunity, boosted hp, high MP 1, forlorn, divine
attributes
a: no special abilities


You were on level 2 of the Dungeon.
You were a tree.
You visited 1 branch of the dungeon, and saw 2 of its levels.

You collected 4 gold pieces.

Inventory:

Armour
 a - a +0 robe (melded)
Jewellery
 d - an amulet of reflection
 g - an amulet of the acrobat
Potions
 b - 2 potions of lignification
 c - a potion of heal wounds
 h - a potion of flight {unknown}


   Skills:
 + Level 1.0 Fighting
 + Level 1.8 Dodging
 + Level 0.2 Stealth
 + Level 3.1 Unarmed Combat
 + Level 2.0 Spellcasting
 + Level 2.0 Transmutations


You had 4 spell levels left.
You knew the following spells:

 Your Spells              Type           Power      Damage    Failure   Level
a - Beastly Appendage     Tmut           12%        N/A       12%         1

Your spell library contained the following spells:

 Spells                   Type           Power      Damage    Failure   Level
 Wereblood                Tmut           6%         N/A       19%         2
 Spider Form              Tmut/Pois      3%         N/A       47%         3
 Ice Form                 Ice/Tmut       3%         N/A       87%         4
 Petrify                  Tmut/Erth      3%         N/A       87%         4
 Metabolic Englaciation   Hex/Ice        0%         N/A       100%        5
 Statue Form              Tmut/Erth      2%         N/A       100%        6


Dungeon Overview and Level Annotations

Branches:
Dungeon (2/15)

Annotations:
D:2 Sigmund


Innate Abilities, Weirdness & Mutations

You are a tree.
Your roots penetrate the ground, keeping you stationary.
You cannot be teleported.
You are immune to unholy pain and torment.
Your maximum health is greatly increased.
Your equipment is partially melded.
You have an increased reservoir of magic. (+10% MP)
You shall have no god before yourself.
Your divine heritage dramatically boosts your attributes as you level up.


Message History

You resist with significant effort.
You smack Sigmund!
Sigmund is moderately wounded.
Sigmund hits you with a +2 scythe of protection.
You hit Sigmund.
Sigmund is moderately wounded.
You completely miss Sigmund.
Sigmund is moderately wounded.
Sigmund hits you but does no damage.
You hit Sigmund but do no damage.
Sigmund is moderately wounded.
Sigmund hits you but does no damage.
You hit Sigmund.
Sigmund is heavily wounded.
You hit Sigmund.
Sigmund is heavily wounded.
Sigmund hits you with a +2 scythe of protection.
* * * LOW HITPOINT WARNING * * *
You smack Sigmund!
Sigmund is almost dead.
Sigmund points at you and mumbles some strange words.
You are confused.
You cannot move. (Use ctrl+direction or * direction to attack while stationary and confused.)
You cannot move. (Use ctrl+direction or * direction to attack while stationary and confused.) Unknown command.
You completely miss Sigmund.
Sigmund is almost dead.
You closely miss Sigmund.
Sigmund is almost dead.
Sigmund hits you but does no damage.
You nearly hit yourself!
Sigmund hits you with a +2 scythe of protection.
* * * LOW HITPOINT WARNING * * *
You swing at nothing.
You attack the rock wall.
Sigmund hits you with a +2 scythe of protection.
* * * LOW HITPOINT WARNING * * *
You swing at nothing.
Sigmund hits you with a +2 scythe of protection!
You die...

## . ...#####.....#
..
..######.#.........#
#.
...........#.##....#
..
#...........##....#
.###.....#######....#
.#...##..............
+@.# #.........######
+.#####...#####.#
+?...@♣...# .#
+.#####.#.# +.. #...#
..!. ##.... #.....
...... ....... ......
...###.#. ...... ...
..........


You could see Sigmund.

Vanquished Creatures
  A worm (D:2)
  A dart slug (D:1)
  A ball python (D:2)
  A bat (D:1)
  An endoplasm (D:1)
  A hobgoblin (D:1)
  A quokka (D:1)
  3 frilled lizards (D:1)
  2 goblins (D:1)
  2 kobolds (D:1)
  A rat (D:1)
15 creatures vanquished.

Notes
Turn   | Place    | Note
-------+----------+-------------------------------------------
     0 | D:1      | Icepheonix32 the Demigod Transmuter began the quest for the
                  | Orb.
     0 | D:1      | Reached XP level 1. HP: 15/15 MP: 5/5
   441 | D:1      | Reached XP level 2. HP: 22/22 MP: 5/7
   443 | D:1      | Reached skill level 3 in Unarmed Combat
   796 | D:1      | Reached skill level 1 in Fighting
  1011 | D:2      | Noticed Sigmund
  1039 | D:2      | HP: 1/34 [Sigmund/+2 scythe of protection (4)]
  1040 | D:2      | Mangled by Sigmund

Illustrated notes

Levels and vault maps discovered:
D:1:      minmay_arrival_loop, layout_basic
D:2:      layout_rooms, serial_shops,
          nicolae_shop_temple_entry_statues_fountains,
          hellmonk_ecumenical_altar_heavens_door, kennysheep_small_spiral,
          uniq_terence, uniq_sigmund, uniq_jessica

Skill      XL: |  1  2 |
---------------+-------+-----
Spellcasting   | 2 |  2.0
Unarmed Combat | 3 |  3.1
Transmutations | 2 |  2.0
Fighting       | 1 |  1.0
Dodging        | |  1.8
Stealth        | |  0.2

Action                   || total
-------------------------++-------
Melee: Unarmed           ||    48
       Kick              ||     8
       Headbutt          ||     6
 Cast: Beastly Appendage ||     8
  Use: Potion            ||     2
       Scroll            ||     1
 Stab: Sleeping          ||     1
Armor: Robe              ||     8
       Skin              ||     3
Dodge: Dodged            ||    28
